 Dungeon Crawl Stone Soup version 0.17.0-24-gcfadda4 (console) character file.

233 Kloppie the Gusty (level 5, -2/34 HPs)
             Began as a High Elf Air Elementalist on Nov 15, 2015.
             Was an Initiate of Sif Muna.
             Killed from afar by an orc wizard (7 damage)
             ... with a magic dart
             ... on level 4 of the Dungeon.
             The game lasted 00:09:22 (4121 turns).

Kloppie the Gusty (High Elf Air Elementalist)       Turns: 4121, Time: 00:09:22

Health: -2/34      AC:  4    Str:  7    XL:     5   Next: 74%
Magic:  4/9        EV: 14    Int: 20    God:    Sif Muna [......]
Gold:   173        SH:  0    Dex: 15    Spells: 4 memorised, 0 levels left

rFire  . . .     SeeInvis .     v - +0 trident
rCold  + . .     Clarity  .     t - +2 robe {MR+}
rNeg   . . .     SustAt   .     (no shield)
rPois  .         Gourm    .     (no helmet)
rElec  .         Spirit   .     (no cloak)
rCorr  .         Warding  .     (no gloves)
rMut   .         Stasis   .     (no boots)
MR     +....                    (no amulet)
Stlth  ++........               u - ring of flight
                                g - ring of protection from cold

@: somewhat resistant to hostile enchantments, unstealthy
A: no striking features
a: Renounce Religion, Evoke Flight


You were on level 4 of the Dungeon.
You worshipped Sif Muna.
Sif Muna was noncommittal.
You were not hungry.

You visited 1 branch of the dungeon, and saw 4 of its levels.

You collected 173 gold pieces.

Inventory:

Hand Weapons
 v - a +0 trident (weapon)
Armour
 t - a +2 robe of magic resistance (worn)
Jewellery
 g - a ring of protection from cold (left hand)
 j - an uncursed ring of positive energy {unknown}
 u - a ring of flight (right hand)
Scrolls
 h - 2 scrolls of remove curse
 i - a scroll of teleportation {unknown}
 l - 2 scrolls of enchant armour {unknown}
 o - 3 scrolls of identify {unknown}
 p - a scroll of recharging {unknown}
 q - a scroll of amnesia {unknown}
 s - a scroll of noise {unknown}
Potions
 a - a potion of ambrosia {unknown}
 e - 5 potions of curing {unknown}
 f - a potion of resistance {unknown}
 k - a potion of agility {unknown}
 n - a potion of degeneration {unknown}
 r - a potion of heal wounds {unknown}
 w - a potion of berserk rage {unknown}
Books
 b - a book of Air

   Spells                             Type                      Level
   a - Shock                          Conjuration/Air              1
   b - Swiftness                      Charms/Air                   2
   c - Repel Missiles                 Charms/Air                   2
   d - Static Discharge               Conjuration/Air              3
   e - Lightning Bolt                 Conjuration/Air              5
Comestibles
 c - 2 bread rations
 m - a meat ration


   Skills:
 + Level 2.2 Fighting
 + Level 3.8 Dodging
 - Level 2.1 Stealth
 - Level 2.4 Spellcasting
 + Level 3.5 Conjurations
 + Level 5.0 Air Magic


You couldn't memorise any spells.
You knew the following spells:

 Your Spells              Type           Power        Failure   Level  Hunger
a - Shock                 Conj/Air       ###.         2%          1    #......
b - Swiftness             Chrm/Air       ##......     10%         2    ##.....
c - Repel Missiles        Chrm/Air       ##....       10%         2    ##.....
d - Static Discharge      Conj/Air       ###.....     10%         3    ###....


Dungeon Overview and Level Annotations

Branches:
Dungeon (4/15)
 Temple: D:4-7

Altars:
Kikubaaqudgha
Sif Muna
Yredelemnul


Message History

The orc wizard mumbles some strange words.
The orc wizard blinks!
There is an open door here.
The orc wizard casts a spell.
The orc wizard blinks!
An orc wizard opens the door.
The orc wizard points at you and mumbles some strange words.
The magic dart hits you! The orc wizard casts a spell at you.
The magic dart hits you!
* * * LOW HITPOINT WARNING * * *
The orc wizard casts a spell at you. The magic dart hits you!
* * * LOW HITPOINT WARNING * * *
There is a stone staircase leading down here.
The orc wizard hits you with a dagger.
* * * LOW HITPOINT WARNING * * *
The orc wizard casts a spell at you. The magic dart hits you!
You die...

...'..........
...###.[....# #.#
...###......# #.#
....##......# #.#
....'.......# #.#
....#......## #.#########
......#'##..# #.#.......#
......#.###.###.#.#####.#
###+###.# #.>.o.@<..# #.#
#.#######.###.###.#
#.................#
+.#######.###.##..#
#.......#.#.......#
#.#####.#.#.#.##.##
#...<.....#†#.##.#
#.###...##.)#.##.#
#(........##.#


You could see an orc wizard.

Vanquished Creatures
  A scorpion (D:4)
  Ijyb (D:2)
  Jessica (D:2)
  Terence (D:2)
  2 adders
  3 gnolls (D:2)
  An ooze (D:1)
  3 worms
  2 giant geckos
  An orc (D:4)
  A bat skeleton (D:3)
  4 bat zombies (D:3)
  2 giant cockroaches
  7 hobgoblins
  3 ball pythons
  5 bats
  A giant newt (D:2)
  10 goblins
  3 jackals (D:1)
  2 kobolds (D:1)
  6 rats
60 creatures vanquished.

Notes
Turn   | Place    | Note
--------------------------------------------------------------
     0 | D:1      | Kloppie the High Elf Air Elementalist began the quest for the Orb.
     0 | D:1      | Reached XP level 1. HP: 11/11 MP: 4/4
   521 | D:1      | Reached skill level 4 in Air Magic
   521 | D:1      | Reached XP level 2. HP: 17/17 MP: 0/6
  1141 | D:1      | Reached XP level 3. HP: 22/22 MP: 5/7
  1836 | D:1      | Learned a level 2 spell: Swiftness
  1839 | D:1      | Learned a level 2 spell: Repel Missiles
  1933 | D:2      | Noticed Ijyb
  2068 | D:2      | Found a basalt altar of Yredelemnul.
  2079 | D:2      | Reached skill level 1 in Fighting
  2379 | D:2      | Reached XP level 4. HP: 26/28 MP: 8/8
  2640 | D:2      | Killed Ijyb
  2796 | D:2      | Noticed Jessica
  2802 | D:2      | Killed Jessica
  2846 | D:2      | Noticed Terence
  2871 | D:2      | Killed Terence
  2871 | D:2      | Reached XP level 5. HP: 21/34 MP: 3/9
  3044 | D:2      | Found a deep blue altar of Sif Muna.
  3302 | D:2      | Became a worshipper of Sif Muna the Loreminder
  3420 | D:2      | Learned a level 3 spell: Static Discharge
  3563 | D:3      | Found an ancient bone altar of Kikubaaqudgha.
  3893 | D:4      | Reached skill level 5 in Air Magic
  4121 | D:4      | Killed from afar by an orc wizard

Action                   |  1- 3 |  4- 6 || total
-------------------------+-------+-------++-------
Melee: Spear             |     7 |    12 ||    19
       Trident           |       |    23 ||    23
 Cast: Shock             |    73 |    59 ||   132
       Swiftness         |     1 |       ||     1
  Use: Scroll            |       |     2 ||     2
 Stab: Sleeping          |     2 |     1 ||     3
  Eat: Chunk             |     4 |     6 ||    10
